 Dungeon Crawl Stone Soup version 0.30-a0-691-g754fce4c43 (webtiles) character file.

Game seed: 4320318601757963109

456 NinjaNoafa the Magician (level 6, -8/24 HPs)
             Began as a Felid Summoner on Jan 19, 2023.
             Mangled by Duvessa
             ... wielding a +0 short sword
              (18 damage)
             ... on level 5 of the Dungeon on Jan 20, 2023.
             The game lasted 00:13:37 (4308 turns).

NinjaNoafa the Magician (Felid Summoner)            Turns: 4308, Time: 00:13:38

Health: -8/24      AC:  2    Str:  4    XL:     6   Next: 77%
Magic:  9/14       EV: 18    Int: 19    God:
Gold:   149        SH:  0    Dex: 22    Spells: 6/15 levels left
                                        Lives:  0   Deaths: 1

rFire   . . .      SeeInvis +    (weapon unavailable)
rCold   . . .      Faith    .    (shield unavailable)
rNeg    . . .      Spirit   .    (body armour unavailable)
rPois   .          Reflect  .    (helmet unavailable)
rElec   .          Harm     .    (cloak unavailable)
rCorr   .          Rampage  .    (gloves unavailable)
Will    .....                    (boots unavailable)
Stlth   +++                      (no amulet)
HPRegen 0.24/turn                j - ring of flight
MPRegen 0.14/turn                k - +6 ring of dexterity

@: flying, quick
A: very small, claws 1, fangs 3, see invisible, speed 1, shaggy fur 2, stealthy
paws, no weapons or thrown items, no armour, multi-lived
a: no special abilities


You were on level 5 of the Dungeon.
You visited 1 branch of the dungeon, and saw 5 of its levels.

You collected 149 gold pieces.

Inventory:

Jewellery
 j - a ring of flight (left paw)
 k - a +6 ring of dexterity (right paw)
Scrolls
 c - 4 scrolls of teleportation
 d - 2 scrolls of enchant weapon {unknown}
 e - 2 scrolls of amnesia
 i - a scroll of immolation {unknown}
 m - 2 scrolls of silence {unknown}
Potions
 b - 2 potions of ambrosia {unknown}
 f - 2 potions of haste
 g - 2 potions of curing
 h - a potion of cancellation {unknown}
 l - a potion of heal wounds {unknown}
 n - a potion of degeneration {unknown}
 o - a potion of flight {unknown}


   Skills:
 - Level 2.6 Dodging
 - Level 2.6 Stealth
 + Level 5.2 Spellcasting
 - Level 5.0 Hexes
 - Level 5.1 Summonings


You had 6 spell levels left.
You knew the following spells:

 Your Spells              Type           Power      Damage    Failure   Level
a - Summon Small Mammal   Summ           96%        N/A       1%          1
b - Call Imp              Summ           24%        N/A       2%          2
c - Call Canine Familiar  Summ           24%        N/A       4%          3
d - Summon Guardian Gole  Hex/Summ       24%        N/A       4%          3

Your spell library contained the following spells:

 Spells                   Type           Power      Damage    Failure   Level
 Gell's Gravitas          Tloc           5%         N/A       36%         3
 Teleport Other           Tloc           5%         N/A       36%         3
 Summon Lightning Spire   Summ/Air       14%        N/A       38%         4
 Dispersal                Tloc           2%         N/A       100%        6


Dungeon Overview and Level Annotations

Branches:
Dungeon (5/15)
 Temple: D:4-7

Altars:

Shops:
D:1 (

Annotations:
D:2 Natasha, Robin
D:5 Duvessa


Innate Abilities, Weirdness & Mutations

You have sharp claws.
You have razor-sharp teeth.
You have supernaturally acute eyesight. (SInv)
You cover ground quickly. (Speed+)
You are covered in thick fur. (AC +2)
Your paws help you pounce on unaware monsters.
You are incapable of wielding weapons or throwing items.
You cannot wear armour.
You gain extra lives every three experience levels.


Message History

r - Retreat! s - Stop attacking. g - Guard the area. f - Follow me.
Anything else - Cancel.
Gang up on whom?
Press: ? - help, Dir - move target, f - Duvessa
Aim: Duvessa, wielding a +0 short sword, wearing a +0 scale mail and carrying a wand of flame (1) (almost dead, berserk, fast, not watching you) Attack!
Duvessa hits your guardian golem with a +0 short sword!
Duvessa hits your guardian golem with a +0 short sword!
Duvessa hits your guardian golem with a +0 short sword!
Your guardian golem is destroyed!
Your guardian golem disappears in a puff of smoke!
Casting: Summon Guardian Golem (quite dangerous; 4% risk of failure)
Confirm with . or Enter, or press ? or * to list all spells.
A beastly little devil appears in a puff of flame.
Duvessa hits your crimson imp with a +0 short sword!
Your crimson imp dies!
Your crimson imp disappears in a puff of smoke!
Magic courses through your body.
Casting: Call Imp (safe; 2% risk of failure)
Confirm with . or Enter, or press ? or * to list all spells.
Duvessa barely misses you. Duvessa hits you with a +0 short sword.
Duvessa attacks as you move away! Duvessa hits you with a +0 short sword!
* * * LOW HITPOINT WARNING * * *
Your hound bites Duvessa but does no damage.
You feel better.
Duvessa hits your hound with a +0 short sword!
Your hound closely misses Duvessa.
Duvessa hits your hound with a +0 short sword!
Your hound dies!
Your hound's corpse disappears in a puff of smoke!
Casting: Call Canine Familiar (quite dangerous; 4% risk of failure)
Confirm with . or Enter, or press ? or * to list all spells.
A guardian golem appears, shielding your allies.
Duvessa shouts!
Duvessa completely misses you. Duvessa attacks as you move away!
Duvessa hits you with a +0 short sword!!
Ouch! That really hurt!
You die...

#..# #.# #.##
#.# ##.# #.#
##..# #.# #..##
#.# .######.##
#.#
..§.....########
#.#
.#§h○.......9e.#
#.#
#.###########@#
#.# # #.# #.#
#.# #.# #.# #.#
#.# #.# #.#
###.# #.# #<)†#
#.# #####


You could see Duvessa (berserk, fast, ally target) and a friendly guardian golem
(summoned).

Vanquished Creatures
  A goblin (D:2)
  A kobold (D:4)
2 creatures vanquished.

Vanquished Creatures (collateral kills)
  A scorpion (D:4)
  An orc priest (D:4)
  An iguana (D:3)
  Natasha (D:2)
  An orc wizard (D:5)
  2 adders
  An ufetubus (D:5)
  2 worms
  3 dart slugs
  3 orcs (D:4)
  2 bats
  4 endoplasms
  2 giant cockroaches (D:1)
  17 goblins
  4 hobgoblins
  10 kobolds
  4 quokkas
  2 ball pythons
  3 frilled lizards
  6 rats
70 creatures vanquished.

Vanquished Creatures (others)
  A black bear (D:5)
  An ogre (D:4)
  Dowan (D:5)
  An endoplasm (D:4)
4 creatures vanquished.

Grand Total: 76 creatures vanquished

Notes
Turn   | Place    | Note
-------+----------+-------------------------------------------
     0 | D:1      | NinjaNoafa the Felid Summoner began the quest for the Orb.
     0 | D:1      | Reached XP level 1. HP: 7/7 MP: 4/4
   255 | D:1      | Reached XP level 2. HP: 11/11 MP: 3/6
   300 | D:1      | Learned a level 2 spell: Call Imp
   655 | D:1      | Found Vaosos's Weapon Emporium.
  1326 | D:2      | Noticed Robin
  1410 | D:2      | Reached XP level 3. HP: 7/14 MP: 4/8
  1497 | D:2      | Learned a level 3 spell: Call Canine Familiar
  1563 | D:2      | Noticed Natasha
  1578 | D:2      | Killed Natasha
  1797 | D:2      | Noticed Natasha
  1990 | D:2      | Reached XP level 4. HP: 3/18 MP: 2/9
  1991 | D:2      | Slain by a goblin
  1992 | D:2      | Reached XP level 3. HP: -3/14 MP: 2/8
  2549 | D:3      | Reached skill level 5 in Summonings
  2638 | D:3      | Reached XP level 4. HP: 18/18 MP: 5/10
  3265 | D:4      | Noticed a scorpion
  3278 | D:3      | Learned a level 3 spell: Summon Guardian Golem
  3492 | D:4      | Reached skill level 1 in Hexes
  3552 | D:4      | Noticed an ogre
  3561 | D:4      | Killed an ogre
  3562 | D:4      | Reached XP level 5. HP: 21/21 MP: 5/11
  3801 | D:4      | Reached skill level 5 in Hexes
  3947 | D:4      | Identified the +1 leather armour of Precision Catastrophes
                  | {Dex+3}
  4041 | D:4      | Gained mutation: You are covered in thick fur. (AC +2)
                  | [Felid growth]
  4041 | D:4      | Reached XP level 6. HP: 24/24 MP: 7/13
  4046 | D:5      | Entered Level 5 of the Dungeon
  4217 | D:5      | Reached skill level 5 in Spellcasting
  4267 | D:5      | Noticed Dowan
  4269 | D:5      | Noticed Duvessa
  4284 | D:5      | Killed Dowan
  4308 | D:5      | Mangled by Duvessa

Illustrated notes

Levels and vault maps discovered:
D:1:      dpeg_arrival_tiny_d, layout_basic, serial_shops, nicolae_diamond_shop,
          st_stairs_12
D:2:      layout_loops_ring, uniq_robin, uniq_natasha
D:3:      layout_loops_corners
D:4:      layout_cave_pools, amcnicky_altar_gilded,
          minmay_temple_entry_offerings, st_stairs_10, minmay_goblin_outpost
D:5:      layout_basic, kennysheep_generic_room_5, uniq_duvessa,
          uniq_blork_the_orc, uniq_grinder, uniq_ijyb

Skill      XL: |  1  2  3  4  5  6 |
---------------+-------------------+-----
Spellcasting   | 3 4 5 |  5.2
Summonings     | 5 |  5.1
Hexes          | 4 5 |  5.0
Dodging        | |  2.6
Stealth        | |  2.6

Action                   |  1- 3 |  4- 6 || total
-------------------------+-------+-------++-------
Melee: Unarmed           |     8 |    11 ||    19
       Bite              |       |     1 ||     1
 Cast: Summon Small Mamm |    48 |    22 ||    70
       Call Imp          |    17 |    10 ||    27
       Call Canine Famil |    10 |    14 ||    24
       Summon Guardian G |       |     6 ||     6
  Use: Scroll            |     2 |     3 ||     5
       Potion            |       |     2 ||     2
 Stab: Sleeping          |       |     1 ||     1
Armor: Skin              |     3 |     5 ||     8
Dodge: Dodged            |    41 |    35 ||    76

Table legend: (Time is in decaauts)
 A = Elapsed time spent in this place.
 B = Non-inter-level travel time spent in this place.
 C = Inter-level travel time spent in this place.
 D = Time resting spent in this place.
 E = Time spent auto-exploring this place.
 F = Levels seen in this place.
 G = Mean time per level.
                   A        B        C        D        E       F      G
               +--------+--------+--------+--------+--------+-----+--------+
         Total |   3806 |   3654 |    152 |      0 |   2799 |   5 |  761.2 |
       Dungeon |   3806 |   3654 |    152 |      0 |   2799 |   5 |  761.2 |
               +--------+--------+--------+--------+--------+-----+--------+

Top non-repeatable levels by time:
     D:1: 1213 daAuts
     D:3: 1119 daAuts
     D:4: 675 daAuts
     D:2: 549 daAuts
     D:5: 247 daAuts
